 Dungeon Crawl Stone Soup version 0.25-a0-479-g8579842fd4 (webtiles) character file.

Game seed: 6568604566320127254, levelgen mode: deterministic

4228 Alarak the Fighter (level 10, 0/95 HPs)
             Began as a Black Draconian Berserker on Feb 9, 2020.
             Was a High Priest of Trog.
             Slain by a porcupine (5 damage)
             ... on level 8 of the Dungeon.
             The game lasted 00:37:10 (6630 turns).

Alarak the Fighter (Black Draconian Berserker)      Turns: 6630, Time: 00:37:10

Health: 0/95       AC:  9    Str: 22    XL:     10   Next: 9%
Magic:  3/3        EV: 15    Int:  8    God:    Trog [*****.]
Gold:   343        SH:  0    Dex: 11    Spells: 9/9 levels left

rFire    . . .     SeeInvis .   L - +1 bardiche (antimagic)
rCold    . . .     Gourm    .   (shield currently unavailable)
rNeg     . . .     Faith    .   (armour unavailable)
rPois    .         Spirit   .   (helmet restricted)
rElec    +         Reflect  .   H - +0 cloak
rCorr    .         Harm     .   x - +0 pair of gloves (curse)
MR       .....                  (no boots)
Stlth    +.........             (no amulet)
HPRegen  0.25/turn              (no ring)
MPRegen  0.08/turn              (no ring)

@: lethally poisoned (0 -> -1), berserk cooldown, slowed, very slow
A: breathe lightning, unfitting armour, electricity resistance, cold-blooded, AC
+7
a: Breathe Lightning, Berserk, Trog's Hand, Brothers in Arms, Renounce Religion


You were on level 8 of the Dungeon.
You worshipped Trog.
Trog was extremely pleased with you.
You were near starving.

You visited 1 branch of the dungeon, and saw 8 of its levels.
You also visited: Sewer.

You collected 343 gold pieces.

Inventory:

Hand Weapons
 a - a +0 spear
 d - a +2 dagger of draining
 r - a +5 dagger of speed
 w - a +1 falchion of draining
 A - a +3 flail of protection
 C - a +1 long sword of holy wrath
 D - a +1 spear of freezing
 E - a +1 dagger
 L - a +1 antimagic bardiche (weapon)
 M - a +2 vorpal long sword
Armour
 x - a cursed +0 pair of gloves (worn)
 H - a +0 cloak (worn)
Wands
 v - a wand of digging (4)
Scrolls
 c - 5 scrolls of amnesia {unknown}
 e - 4 scrolls of remove curse {unknown}
 g - 3 scrolls of immolation {unknown}
 i - 12 scrolls of identify {unknown}
 m - 4 scrolls of teleportation {unknown}
 n - a scroll of enchant weapon {unknown}
 o - a scroll of random uselessness {unknown}
 t - 2 scrolls of magic mapping {unknown}
 y - a scroll of fog {unknown}
 z - a scroll of blinking {unknown}
 J - a scroll of noise {unknown}
Potions
 f - a potion of lignification
 h - 8 potions of heal wounds
 j - 5 potions of curing
 k - 2 potions of magic {unknown}
 l - a potion of berserk rage {unknown}
 p - 2 potions of degeneration {unknown}
 q - 2 potions of might {unknown}
 s - a potion of resistance {unknown}
 u - 2 potions of flight {unknown}
 B - 2 potions of brilliance {unknown}
 F - a potion of haste {unknown}
 G - 3 potions of agility {unknown}
 I - a potion of ambrosia {unknown}
Comestibles
 b - 8 rations
 K - 4 chunks of flesh


   Skills:
 - Level 11.0 Fighting
 - Level 5.9 Short Blades
 + Level 5.9 Polearms
 - Level 7.5 Dodging


You had 9 spell levels left.
You didn't know any spells.
Your spell library was empty.

Dungeon Overview and Level Annotations

Branches:
Dungeon (8/15)             Temple (0/1) D:6            Lair (0/6) D:8
  Sewer (visited)

Altars:
Gozag
Makhleb
Ru
Trog
Vehumet

Shops:
D:4 (

Annotations:
D:7 3 runed translucent doors, Enish's ghost, amateur FoCK


Innate Abilities, Weirdness & Mutations

You can breathe wild blasts of lightning.
Your glossy black scales are hard. (AC +7)
You cannot fit into any form of body armour.
You are resistant to electric shocks. (rElec)
You are cold-blooded and may be slowed by cold attacks.


Message History

Things that are here:
a porcupine corpse x2
Butcher a porcupine corpse? [(y)es/(n)o/(a)ll/(q)uit/?]
You butcher the porcupine corpse.
You feel sick.
You butcher the porcupine corpse.
The porcupine bites the fungus!
Items here: %% ÷÷ a chunk of flesh; a porcupine skeleton; a chunk of flesh; a porcupine skeleton You are too injured to fight recklessly!
The porcupine bites the fungus!
The fungus is destroyed!
Things that are here:
a chunk of flesh; a porcupine skeleton
K - 4 chunks of flesh (gained 1)
You feel sick. The porcupine misses you.
You are struck by the porcupine's spines.
* * * LOW HITPOINT WARNING * * *
You barely miss the porcupine. The porcupine bites you.
* * * LOW HITPOINT WARNING * * *
The porcupine barely misses you. The porcupine bites you.
You die... ...PPPP.P.PP...PP ...PP.....>.PPPP. .P.P.....PPPP.PP.
P.PPPPP..PPP..P.P

#....PP.P.P.PP.P.
#P.....PPP.P..P..
#.P...PP...P.P.
###.PP.r†P.P..#
#######.@%....###
###.........##.## ##
###...........# .#
.####..............# #
....................#
...............>.....#
#...................##
#####..............##
#######....>.....##


You could see a porcupine.

Vanquished Creatures
  A two-headed ogre (D:5)
  A hornet (D:8)
  A wyvern (D:7)
  A yak (D:8)
  Edmund (D:5)
  4 porcupines (D:8)
  2 orc warriors
  A sky beast (D:5)
  3 ice beasts
  4 ogres
  2 centaurs
  2 big kobolds
  A bullfrog (D:8)
  Blork the orc (D:5)
  A scorpion (D:5)
  2 howler monkeys
  2 crimson imps (D:6)
  A centaur zombie (D:7)
  3 bullfrog skeletons
  2 jellies
  4 hounds
  2 orc priests
  3 orc wizards
  Jessica (D:3)
  Ijyb (D:5)
  5 worker ants
  A worker ant zombie (D:6)
  A howler monkey zombie (D:7)
  10 adders
  11 gnolls
  6 river rats
  4 shadow imps
  2 oozes
  An adder skeleton (D:7)
  2 worms
  2 dart slugs
  3 leopard geckos
  26 orcs
  5 bats
  6 giant cockroaches
  3 hobgoblins
  12 jackals
  26 kobolds
  3 quokkas
  6 ball pythons
  6 frilled lizards
  4 goblins
  32 rats
  A fungus (D:8)
225 creatures vanquished.

Vanquished Creatures (others)
  2 fungi (D:8)
  A plant (D:8)
3 creatures vanquished.

Grand Total: 228 creatures vanquished

Notes
Turn   | Place    | Note
-------+----------+-------------------------------------------
     0 | D:1      | Alarak the Draconian Berserker began the quest for the Orb.
     0 | D:1      | Reached XP level 1. HP: 19/19 MP: 1/1
   337 | D:1      | Reached XP level 2. HP: 27/27 MP: 2/2
   637 | D:1      | Reached skill level 4 in Fighting
   756 | D:2      | Reached XP level 3. HP: 31/34 MP: 3/3
   819 | D:2      | Reached ** piety under Trog
   872 | D:2      | Found a radiant altar of Vehumet.
  1551 | D:3      | Reached skill level 5 in Fighting
  1768 | D:3      | Noticed Jessica
  1775 | D:3      | Killed Jessica
  1775 | D:3      | Reached XP level 4. HP: 42/42 MP: 4/4
  2211 | D:4      | Found Elut's Weapon Shoppe.
  2276 | D:4      | Reached skill level 1 in Short Blades
  2310 | D:4      | Noticed an ogre
  2315 | D:4      | Killed an ogre
  2315 | D:4      | Reached XP level 5. HP: 48/48 MP: 5/5
  2422 | D:4      | Reached XP level 6. HP: 56/56 MP: 6/6
  2630 | D:5      | Entered Level 5 of the Dungeon
  2641 | D:5      | Noticed Ijyb
  2642 | D:5      | Reached *** piety under Trog
  2655 | D:5      | Killed Ijyb
  2657 | D:5      | Reached skill level 5 in Short Blades
  2689 | D:5      | Noticed a sky beast
  2703 | D:5      | Killed a sky beast
  2703 | D:5      | Your scales start taking on a glossy black colour.
  2703 | D:5      | Reached XP level 7. HP: 48/61 MP: 7/7
  2703 | D:5      | Gained mutation: You are resistant to electric shocks.
                  | (rElec) [Black Draconian growth]
  2834 | D:5      | Reached skill level 6 in Fighting
  3042 | D:5      | Noticed Edmund
  3081 | D:5      | Killed Edmund
  3090 | D:5      | Noticed Blork the orc
  3139 | D:5      | Killed Blork the orc
  3145 | D:5      | Reached skill level 5 in Dodging
  3393 | D:5      | Noticed a two-headed ogre
  3403 | D:5      | Killed a two-headed ogre
  3403 | D:5      | Reached XP level 8. HP: 70/70 MP: 8/8
  3643 | D:5      | Reached skill level 7 in Fighting
  3817 | D:5      | Reached **** piety under Trog
  3984 | D:5      | Found a sacrificial altar of Ru.
  4269 | D:6      | Found a staircase to the Ecumenical Temple.
  4350 | D:6      | Reached skill level 8 in Fighting
  4350 | D:6      | Reached XP level 9. HP: 81/81 MP: 9/9
  4420 | D:6      | Found a glowing drain.
  4510 | D:6      | Reached skill level 9 in Fighting
  4579 | Sewer    | Entered a sewer
  4819 | Sewer    | Reached ***** piety under Trog
  4819 | Sewer    | Received a gift from Trog
  5880 | D:6      | Found a burning altar of Makhleb.
  6032 | D:7      | Reached skill level 10 in Fighting
  6277 | D:7      | Found a bloodstained altar of Trog.
  6332 | D:7      | Found a runed translucent gate.
  6333 | D:7      | Found a runed translucent gate.
  6333 | D:7      | Found an opulent altar of Gozag.
  6334 | D:7      | Found a runed translucent gate.
  6334 | D:7      | Noticed Enish's ghost (amateur FoCK)
  6352 | D:7      | Received a gift from Trog
  6352 | D:7      | Reached skill level 11 in Fighting
  6598 | D:8      | Found a staircase to the Lair.
  6611 | D:8      | Reached skill level 5 in Polearms
  6613 | D:8      | Reached XP level 10. HP: 95/95 MP: 3/10
  6630 | D:8      | Slain by a porcupine

Levels and vault maps discovered:
D:1:      ncdulo_wetmaze, layout_basic
D:2:      layout_basic, lemuel_crystal_altar
D:3:      layout_basic, uniq_jessica
D:4:      layout_rooms, serial_shops, nicolae_shop_stone
D:5:      kennysheep_six_static_rooms, layout_layer_cave, hangedman_ru_absence,
          first_ration, minmay_misc_feat_five, uniq_edmund, uniq_ijyb,
          uniq_blork_the_orc
D:6:      layout_loops_ring, makhleb_grotto_becter,
          minmay_temple_entry_gardened_gates, portal_sewer_entry_a,
          minmay_fractal_squares_5
D:7:      layout_rooms, nicolae_overflow_hidden_temple, ebering_ghost_gozag
D:8:      layout_cave_pods, due_lair_maze_entry_diamond,
          hangedman_little_slice_of_home, minivault_27, minmay_diced_spiral

Skill      XL: |  1  2  3  4  5  6  7  8  9 |
---------------+----------------------------+-----
Fighting       | 4 5 6 8 11 | 11.0
Short Blades   | 3 4 5 |  5.9
Dodging        | 7 |  7.5
Polearms       | 5 |  5.9

Action                   |  1- 3 |  4- 6 |  7- 9 | 10-12 || total
-------------------------+-------+-------+-------+-------++-------
Melee: Spear             |     8 |       |       |       ||     8
       Dagger            |   104 |    70 |   498 |       ||   672
       Tailslap          |    11 |     9 |    81 |     1 ||   102
       Bardiche          |       |       |    19 |    10 ||    29
Invok: Berserk           |     4 |     2 |     8 |       ||    14
 Abil: Breathe Lightning |       |       |    12 |       ||    12
  Use: Potion            |       |       |     2 |       ||     2
 Stab: Sleeping          |     1 |       |       |       ||     1
  Eat: Chunk             |     5 |     5 |    18 |       ||    28
       Ration            |       |       |     1 |       ||     1
Armor: Skin              |    30 |     8 |   100 |     4 ||   142
Dodge: Dodged            |    77 |    26 |   229 |    14 ||   346

Table legend:
 A = Non-vault XP
 B = Vault XP
 C = Vault XP percentage of total XP
 D = Non-vault monster count
 E = Vault monster count
 F = Vault count percentage of total count
                 A         B        C        D         E       F
            +---------+---------+-------+---------+---------+-------
      Total |    4198 |    1843 |  30.5 |     156 |      68 |  30.4
            +---------+---------+-------+---------+---------+-------
        D:1 |      26 |       0 |   0.0 |      16 |       0 |   0.0
        D:2 |      54 |       0 |   0.0 |      21 |       0 |   0.0
        D:3 |      25 |      37 |  59.7 |      16 |       1 |   5.9
        D:4 |     262 |       0 |   0.0 |      10 |       0 |   0.0
        D:5 |    1864 |     270 |  12.7 |      37 |       4 |   9.8
        D:6 |    1017 |     149 |  12.8 |      34 |       8 |  19.0
        D:7 |     800 |       0 |   0.0 |      18 |       0 |   0.0
        D:8 |     150 |    1136 |  88.3 |       4 |       7 |  63.6
      Sewer |       0 |     251 | 100.0 |       0 |      48 | 100.0
            +---------+---------+-------+---------+---------+-------
